 Dungeon Crawl Stone Soup version 0.29.1-12-g30fa7ad0bf (webtiles) character file.

Game seed: 1746752871037900634

59 booth the Chopper (level 3, -15/27 HPs)
             Began as a Demonspawn Gladiator on Dec 21, 2022.
             Demolished by Crazy Yiuf
             ... wielding a +3 quarterstaff of chaos
              (16 damage)
             ... on level 2 of the Dungeon on Dec 22, 2022.
             The game lasted 00:13:26 (2440 turns).

booth the Chopper (Demonspawn Gladiator)            Turns: 2440, Time: 00:13:26

Health: -15/27     AC:  6    Str: 16    XL:     3   Next: 78%
Magic:  3/3        EV: 12    Int:  9    God:
Gold:   100        SH:  0    Dex: 14    Spells: 2/2 levels left

rFire   . . .      SeeInvis .   a - +0 war axe
rCold   . . .      Faith    .   (no shield)
rNeg    . . .      Spirit   .   b - +0 leather armour
rPois   .          Reflect  .   c - +0 helmet
rElec   .          Harm     .   (no cloak)
rCorr   .          Rampage  .   (no gloves)
Will    .....                   f - +1 pair of boots
Stlth   +.........              (no amulet)
HPRegen 0.09/turn               (no ring)
MPRegen 0.08/turn               (no ring)

@: no status effects
A: weakness stinger 2
a: no special abilities


You were on level 2 of the Dungeon.
You visited 1 branch of the dungeon, and saw 2 of its levels.

You collected 100 gold pieces.

Inventory:

Hand Weapons
 a - a +0 war axe (weapon)
 j - a +0 flail
Missiles
 d - 3 throwing nets
 e - a javelin (quivered)
 n - 4 poisoned darts
Armour
 b - a +0 leather armour (worn)
 c - a +0 helmet (worn)
 f - a +1 pair of boots (worn)
 l - a +0 ring mail
Wands
 m - a wand of polymorph (5)
Scrolls
 i - a scroll of teleportation
Potions
 g - 3 potions of curing


   Skills:
 + Level 2.2 Fighting
 + Level 3.5 Axes
 + Level 2.0 Throwing
 + Level 0.5 Armour
 + Level 3.2 Dodging


You had 2 spell levels left.
You didn't know any spells.
Your spell library contained the following spells:

 Spells                   Type           Power      Damage    Failure   Level
 Call Canine Familiar     Summ           0%         N/A       83%         3
 Portal Projectile        Hex/Tloc       0%         N/A       83%         3
 Leda's Liquefaction      Hex/Erth       0%         N/A       99%         4


Dungeon Overview and Level Annotations

Branches:
Dungeon (2/15)

Altars:

Annotations:
D:2 Crazy Yiuf


Innate Abilities, Weirdness & Mutations

You have a tail ending in a sharp stinger.


Message History

You slash the endoplasm!
You kill the endoplasm!
You see here an adder corpse.
There is a stone staircase leading down here.
There is a stone staircase leading down here.
There is a stone staircase leading down here.
Crazy Yiuf shouts!
Okay, then.
Okay, then.
You open the door. You completely miss Crazy Yiuf.
Crazy Yiuf barely misses you.
You closely miss Crazy Yiuf.
Crazy Yiuf hits you with a +3 quarterstaff of chaos!
Ouch! That really hurt!
Space warps around you.
* * * LOW HITPOINT WARNING * * *
You feel much better. Crazy Yiuf barely misses you.
You hit Crazy Yiuf.
Crazy Yiuf is lightly wounded.
Crazy Yiuf barely misses you.
Crazy Yiuf hits you with a +3 quarterstaff of chaos!
Crazy Yiuf burns you.
You hit Crazy Yiuf but do no damage.
Crazy Yiuf is lightly wounded.
Crazy Yiuf hits you with a +3 quarterstaff of chaos!
* * * LOW HITPOINT WARNING * * *
Crazy Yiuf draws strength from your wounds!
You feel better. Crazy Yiuf misses you.
You barely miss Crazy Yiuf.
Crazy Yiuf is lightly wounded.
Crazy Yiuf closely misses you.
You closely miss Crazy Yiuf.
Crazy Yiuf is lightly wounded.
Crazy Yiuf hits you with a +3 quarterstaff of chaos!
* * * LOW HITPOINT WARNING * * *
Crazy Yiuf freezes you.
* * * LOW HITPOINT WARNING * * *
Crazy Yiuf hits you with a +3 quarterstaff of chaos!
Ouch! That really hurt!
You die...

.# #.# #.#
.# #.# ###
.# #.# .#
#.####
##### .#
#....#
#..)#
.####
#..###
#...#
....###.##
...
.##.#.(.#
#g#
.##.#..##
♣♣@♣
.##.#..#
♣.♣♣
..#.#..#
♣♣.♣
..#.#..#
### ♣.♣♣
#......#
#.# ♣♣.♣♣
##....##
#.# ♣...♣♣
###>..#
#.# ♣....♣
....#.#
#.# ##..##
....#.#
#.###....#


You could see Crazy Yiuf.

Vanquished Creatures
  An adder (D:2)
  A gnoll (D:1)
  A worm (D:2)
  A dart slug (D:2)
  5 endoplasms
  2 giant cockroaches (D:1)
  2 goblins (D:1)
  2 hobgoblins
  3 jackals (D:2)
  2 quokkas
  A ball python (D:1)
  3 bats
  A frilled lizard (D:1)
  4 kobolds
  3 rats
32 creatures vanquished.

Notes
Turn   | Place    | Note
-------+----------+-------------------------------------------
     0 | D:1      | booth the Demonspawn Gladiator began the quest for the Orb.
     0 | D:1      | Reached XP level 1. HP: 16/16 MP: 1/1
   368 | D:1      | Discovered your monstrous ancestry.
   368 | D:1      | Gained mutation: You have a small tail. [demonic ancestry]
   368 | D:1      | Reached XP level 2. HP: 22/22 MP: 2/2
   883 | D:2      | Gained mutation: You have a tail ending in a sharp stinger.
                  | [demonic ancestry]
   883 | D:2      | Reached XP level 3. HP: 27/27 MP: 3/3
  1080 | D:2      | HP: 1/27 [worm (9)]
  1970 | D:2      | Found a runed translucent door.
  2429 | D:2      | Noticed Crazy Yiuf
  2440 | D:2      | HP: 1/27 [Crazy Yiuf/+3 quarterstaff of chaos (3)]
  2440 | D:2      | Demolished by Crazy Yiuf

Illustrated notes

Levels and vault maps discovered:
D:1:      ncdulo_smallfort, layout_loops_ring
D:2:      layout_basic, dreamdust_mushroom_princess, uniq_crazy_yiuf_cottage

Skill      XL: |  1  2 |
---------------+-------+-----
Dodging        | 3 |  3.2
Axes           | 3 |  3.5
Throwing       | 2 |  2.0
Fighting       | |  2.2
Armour         | |  0.5

Action                   || total
-------------------------++-------
Melee: War axe           ||    81
       Tailslap          ||     2
Throw: Javelin           ||     1
  Use: Scroll            ||     5
       Potion            ||     2
 Stab: Sleeping          ||     1
Armor: Leather armour    ||    21
Dodge: Dodged            ||    48
